 Dungeon Crawl Stone Soup version 0.22-a0-268-g1cc83ef (webtiles) character file.

6705 nikopol the Thaumaturge (level 10, -5/52 HPs)
             Began as a Deep Elf Fire Elementalist on Mar 10, 2018.
             Was an Elder of Sif Muna.
             Slain by a killer bee (10 damage)
             ... on level 10 of the Dungeon.
             The game lasted 00:45:16 (11470 turns).

nikopol the Thaumaturge (DEFE)                     Turns: 11470, Time: 00:45:16

Health: -5/52      AC:  8    Str:  5    XL:     10   Next: 74%
Magic:  0/29       EV: 14    Int: 24    God:    Sif Muna [****..]
Gold:   606        SH:  0    Dex: 15    Spells: 20/35 levels left

rFire    + . .     SeeInvis .     - Unarmed
rCold    + . .     Gourm    .   (no shield)
rNeg     . . .     Faith    .   E - +2 robe of Ufefuf {rF+ rC+ rCorr}
rPois    .         Spirit   .   w - +1 helmet
rElec    .         Reflect  .   G - +0 cloak
rCorr    +         Harm     .   t - +0 pair of gloves
MR       +....                  (no boots)
Stlth    +++.......             (no amulet)
HPRegen  0.17/turn              n - ring of resist corrosion
MPRegen  0.21/turn              (no ring)

@: about to teleport
A: no striking features
a: Divine Energy, Channel Magic, Forget Spell, Renounce Religion


You were on level 10 of the Dungeon.
You worshipped Sif Muna.
Sif Muna was greatly pleased with you.
You were very hungry.

You visited 2 branches of the dungeon, and saw 11 of its levels.

You collected 606 gold pieces.

Inventory:

Armour
 t - a +0 pair of gloves (worn)
 w - a +1 helmet (worn)
 E - the +2 robe of Ufefuf (worn) {rF+ rC+ rCorr}
   (You found it on level 6 of the Dungeon)

   It protects you from fire.
   It protects you from cold.
   It protects you from acid and corrosion.
 G - a +0 cloak (worn)
Jewellery
 d - a cursed -3 ring of protection {unknown}
 n - a ring of resist corrosion (left hand)
 J - a cursed ring of fire {unknown}
Wands
 u - a wand of flame (20)
 y - a wand of polymorph (19)
 z - a wand of acid (4)
 I - a wand of random effects (22)
Scrolls
 b - 3 scrolls of fog
 g - 2 scrolls of amnesia {unknown}
 o - 2 scrolls of teleportation
 p - 3 scrolls of enchant weapon {unknown}
 s - 10 scrolls of remove curse
 v - 3 scrolls of fear {unknown}
 x - 3 scrolls of magic mapping {unknown}
 A - a scroll of brand weapon {unknown}
 C - 2 scrolls of noise {unknown}
 D - 5 scrolls of identify
 F - a scroll of enchant armour {unknown}
 K - a scroll of immolation {unknown}
Potions
 a - 3 potions of haste {unknown}
 e - 5 potions of heal wounds
 f - a potion of degeneration
 h - 3 potions of berserk rage
 j - 2 potions of cancellation
 k - 8 potions of curing
 l - 2 potions of flight
 m - a potion of agility
 q - 3 potions of mutation
 r - a potion of lignification
 B - 2 potions of brilliance {unknown}
Comestibles
 c - 13 rations


   Skills:
 + Level 1.0 Fighting
 + Level 3.9 Dodging
 + Level 4.6 Stealth
 + Level 1.0 Unarmed Combat
 + Level 13.2 Spellcasting
 + Level 9.2 Conjurations
 + Level 10.0 Fire Magic


You had 20 spell levels left.
You knew the following spells:

 Your Spells              Type           Power        Failure   Level  Hunger
a - Flame Tongue          Conj/Fire      #####        1%          1    None
b - Throw Flame           Conj/Fire      ######       1%          2    None
c - Conjure Flame         Conj/Fire      ######..     1%          3    None
d - Sticky Flame          Conj/Fire      ######..     1%          4    None
e - Fireball              Conj/Fire      ######....   1%          5    ###....


Dungeon Overview and Level Annotations

Branches:
Dungeon (10/15)            Temple (1/1) D:6            Lair (0/6) D:10
    Orc: D:9-12

Altars:
Ashenzari
Cheibriados
Elyvilon
Hepliaklqana
Kikubaaqudgha
Makhleb
Nemelex Xobeh
Okawaru
Qazlal
Ru
Sif Muna
Uskayaw
Vehumet
Wu Jian
The Shining One

Shops:
D:5 }   D:8 [


Message History

The killer bee goes berserk!
As you read the scroll of teleportation, it crumbles to dust.
You feel strangely unstable.
The killer bee is engulfed in blazing flames.
The killer bee stings you!
* * * LOW HITPOINT WARNING * * *
The killer bee is engulfed in blazing flames.
The killer bee stings you but does no damage.
The queen bee calls on the killer bee to defend it!
The killer bee goes berserk!
The killer bee is engulfed in blazing flames.
The killer bee misses you.
You feel better.
The killer bee is engulfed in blazing flames.
The killer bee stings you!
* * * LOW HITPOINT WARNING * * *
The killer bee rages.
The killer bee is engulfed in blazing flames.
The killer bee stings you!
You die...

. #. ##. #...
..... ##
....††###
##.#
#.†††.###.#
#####.....#
####†@# ##y#
##.y# ###y..#
# ##....## ##
##....## .##
###...###
..## ##....##
...####...###


You could see a queen bee and 2 killer bees.

Vanquished Creatures
  2 two-headed ogres (D:9)
  Joseph (D:10)
  A hornet (D:8)
  2 hippogriffs
  A wyvern (D:10)
  Eustachio (D:4)
  A hungry ghost (D:8)
  Edmund (D:5)
  Menkaure (D:7)
  A water moccasin (D:7)
  An ice beast (D:7)
  2 orc warriors
  A black bear (D:6)
  2 phantoms
  2 centaurs
  3 ogres
  4 bullfrogs
  3 scorpions
  19 killer bees
  3 howler monkeys
  A crimson imp (D:9)
  3 bullfrog zombies
  6 hounds
  A jelly (D:6)
  A bullfrog skeleton (D:5)
  3 orc priests
  2 centaur skeletons
  9 orc wizards
  3 iguanas
  6 worker ants
  A killer bee zombie (D:5)
  Robin (D:4)
  4 gnolls (D:7)
  6 adders
  A shadow imp (D:5)
  An adder zombie (D:7)
  2 adder skeletons
  A worm (D:3)
  3 dart slugs
  4 leopard geckos
  30 orcs
  3 giant cockroaches
  14 goblins
  7 hobgoblins
  11 jackals
  4 kobolds
  5 quokkas
  2 bats
  8 frilled lizards
  A leopard gecko zombie (D:9)
  A quokka skeleton (D:3)
  4 rats
201 creatures vanquished.

Notes
Turn   | Place    | Note
-------+----------+-------------------------------------------
     0 | D:1      | nikopol the Deep Elf Fire Elementalist began the quest for the Orb.
     0 | D:1      | Reached XP level 1. HP: 10/10 MP: 6/6
   521 | D:1      | Reached XP level 2. HP: 15/15 MP: 5/8
   586 | D:1      | Learned a level 2 spell: Throw Flame
  1076 | D:2      | Reached XP level 3. HP: 19/19 MP: 7/10
  1213 | D:2      | Learned a level 3 spell: Conjure Flame
  1471 | D:2      | Reached skill level 4 in Spellcasting
  1471 | D:2      | Reached XP level 4. HP: 24/24 MP: 8/12
  1481 | D:2      | Learned a level 4 spell: Sticky Flame
  2352 | D:4      | Noticed a phantom
  2359 | D:4      | HP: 1/24 [phantom (8)]
  2363 | D:4      | Killed a phantom
  2363 | D:4      | Reached skill level 5 in Spellcasting
  2363 | D:4      | Reached XP level 5. HP: 2/28 MP: 0/14
  2721 | D:4      | Noticed Eustachio
  2735 | D:4      | Killed Eustachio
  2735 | D:4      | Reached skill level 5 in Fire Magic
  2735 | D:4      | Reached XP level 6. HP: 33/33 MP: 2/16
  2942 | D:4      | Noticed Robin
  3182 | D:4      | Reached skill level 6 in Spellcasting
  3428 | D:4      | Reached XP level 7. HP: 35/37 MP: 9/18
  3717 | D:4      | Killed Robin
  3878 | D:5      | Entered Level 5 of the Dungeon
  3935 | D:5      | Learned a level 5 spell: Fireball
  4085 | D:5      | Reached skill level 7 in Spellcasting
  4745 | D:5      | Found Fothrastro's Gadget Shop.
  5270 | D:5      | Noticed Edmund
  5297 | D:5      | Killed Edmund
  5297 | D:5      | Reached skill level 8 in Spellcasting
  5297 | D:5      | Reached XP level 8. HP: 18/42 MP: 1/22
  5534 | D:6      | Found a staircase to the Ecumenical Temple.
  5541 | D:6      | Reached skill level 5 in Conjurations
  6256 | Temple   | Entered the Ecumenical Temple
  6259 | Temple   | Became a worshipper of Sif Muna the Loreminder
  6281 | D:6      | Got a faintly glowing robe
  6292 | D:6      | Identified the +2 robe of Ufefuf {rF+ rC+ rCorr} (You found it on level 6 of the Dungeon)
  6343 | D:6      | Reached skill level 9 in Spellcasting
  7162 | D:7      | Noticed Menkaure
  7164 | D:7      | Killed Menkaure
  7164 | D:7      | Reached * piety under Sif Muna
  7164 | D:7      | Reached skill level 10 in Spellcasting
  7259 | D:7      | Reached XP level 9. HP: 40/46 MP: 15/25
  8092 | D:8      | Found Nuicrana's Armour Boutique.
  8143 | D:8      | Reached skill level 11 in Spellcasting
  8593 | D:9      | Reached ** piety under Sif Muna
  8989 | D:9      | Reached skill level 1 in Fighting
  9267 | D:9      | Noticed a two-headed ogre
  9271 | D:9      | Killed a two-headed ogre
  9271 | D:9      | Reached skill level 12 in Spellcasting
  9271 | D:9      | Reached XP level 10. HP: 44/52 MP: 14/28
  9661 | D:9      | Found a burning altar of Makhleb.
 10094 | D:10     | Entered Level 10 of the Dungeon
 10144 | D:10     | Reached *** piety under Sif Muna
 10298 | D:10     | Found a staircase to the Lair.
 10324 | D:10     | Found Xukke's Hallowed Reliquary.
 10324 | D:10     | Found a glowing golden altar of the Shining One.
 10324 | D:10     | Noticed an angel
 10451 | D:10     | Noticed Joseph
 10457 | D:10     | Killed Joseph
 10833 | D:10     | Noticed a two-headed ogre
 10853 | D:9      | HP: 1/52 [two-headed ogre/giant spiked club (26)]
 10881 | D:9      | Killed a two-headed ogre
 11432 | D:10     | Reached skill level 13 in Spellcasting
 11437 | D:10     | Reached skill level 1 in Unarmed Combat
 11459 | D:10     | Reached **** piety under Sif Muna
 11459 | D:10     | Reached skill level 10 in Fire Magic
 11470 | D:10     | Slain by a killer bee

Vault maps used:
D:1:      minmay_arrival_widening_spiral_wide
D:4:      first_ration, uniq_robin, uniq_eustachio
D:5:      serial_shops, nicolae_shop_statue_plus, kennysheep_generic_room_8,
          uniq_edmund
D:6:      minmay_temple_entry_statues
D:7:      uniq_menkaure
D:8:      serial_shops, shop
D:9:      demons_altar
D:10:     lair_entry_dummy, david_nohive_1, nicolae_good_shop, uniq_joseph
Temple:   dpeg_three_leaves_temple

Skill      XL: |  1  2  3  4  5  6  7  8  9 10 |
---------------+-------------------------------+-----
Conjurations   | 2 3 4 6 8 9 |  9.2
Fire Magic     | 4 5 6 7 9 10 | 10.0
Spellcasting   | 4 5 6 8 10 12 13 | 13.2
Stealth        | 3 4 |  4.6
Dodging        | 3 |  3.9
Fighting       | 1 |  1.0
Unarmed Combat | 1 |  1.0

Action                   |  1- 3 |  4- 6 |  7- 9 | 10-12 || total
-------------------------+-------+-------+-------+-------++-------
Melee: Unarmed           |       |       |       |    24 ||    24
 Cast: Flame Tongue      |    57 |    72 |   233 |    60 ||   422
       Throw Flame       |     1 |     3 |    35 |    11 ||    50
       Conjure Flame     |       |     2 |     7 |     5 ||    14
       Sticky Flame      |       |     2 |    21 |     3 ||    26
       Fireball          |       |       |     9 |    12 ||    21
Evoke: Wand              |       |       |       |     1 ||     1
  Use: Scroll            |       |       |     9 |     4 ||    13
       Potion            |       |       |       |     4 ||     4
 Stab: Invisible         |       |       |       |     1 ||     1
  Eat: Chunk             |     1 |     7 |    21 |     4 ||    33
       Ration            |       |       |       |     1 ||     1
Armor: Robe              |     5 |     6 |     7 |    12 ||    30
Dodge: Dodged            |    20 |     8 |    32 |    56 ||   116

Table legend:
 A = Spawn XP
 B = Non-spawn XP
 C = Spawn XP percentage of total XP
 D = Spawn monster count
 E = Non-spawn monster count
 F = Spawn count percentage of total count
 G = Total turns spent on level
                    A         B        C        D         E        F      G
               +---------+---------+-------+---------+---------+-------+---------
         Total |       0 |    9579 |   0.0 |       0 |     201 |   0.0 | 11470
               +---------+---------+-------+---------+---------+-------+---------
           D:1 |       0 |      35 |   0.0 |       0 |      19 |   0.0 |  1069
           D:2 |       0 |      67 |   0.0 |       0 |      16 |   0.0 |   698
           D:3 |       0 |      88 |   0.0 |       0 |      18 |   0.0 |   576
           D:4 |       0 |     614 |   0.0 |       0 |      28 |   0.0 |  1754
           D:5 |       0 |     721 |   0.0 |       0 |      20 |   0.0 |  1956
           D:6 |       0 |     911 |   0.0 |       0 |      21 |   0.0 |  1084
           D:7 |       0 |     934 |   0.0 |       0 |      19 |   0.0 |   743
           D:8 |       0 |     633 |   0.0 |       0 |       9 |   0.0 |   643
           D:9 |       0 |    3342 |   0.0 |       0 |      20 |   0.0 |  2291
          D:10 |       0 |    2234 |   0.0 |       0 |      31 |   0.0 |   648
               +---------+---------+-------+---------+---------+-------+---------
